Sasquatch vs Monarchs
Created - December 27, 2017 at 07:57
Goals
|
| Sasquatch |
4 |
3 |
2 |
9 |
| Monarchs |
1 |
1 |
0 |
2 |
|
Shots
|
| Sasquatch |
13 |
9 |
11 |
33 |
| Monarchs |
11 |
13 |
1 |
25 |
|
1st period
1. Sasquatch , Jason Zucker 14 (Nick Bjugstad 18) at 2:12
2. Sasquatch , Nick Bjugstad 11 (Petr Straka 8) at 10:57 (PP)
3. Monarchs , Cam Atkinson 18 (Roman Josi 7, Rickard Rakell 5) at 12:39
4. Sasquatch , Filip Forsberg 22 (Jason Akeson 18, Slava Voynov 7) at 14:00
5. Sasquatch , Jason Akeson 10 (Drew Shore 33) at 15:39
Penalties :
Tobias Rieder (MAN) for Tripping (Minor) at 10:24, Garnet Hathaway (Gat) for Roughing (Minor) at 16:32
2nd period
6. Sasquatch , Sergey Kalinin 4 (Lauri Tukonen 7) at 1:59
7. Sasquatch , Sergey Kalinin 5 (Nick Leddy 32, Teemu Hartikainen 5) at 3:28
8. Sasquatch , Garnet Hathaway 9 (Melker Karlsson 17, Brock Trotter 9) at 7:37
9. Monarchs , Tyler Toffoli 14 (Matt Tennyson 15, Ty Wishart 6) at 9:36
Penalties :
Teuvo Teravainen (MAN) for Tripping (Minor) at 4:20, Garnet Hathaway (Gat) for Roughing (Minor) at 14:11, Tom Pyatt (MAN) for Holding (Minor) at 17:16
3rd period
10. Sasquatch , Garnet Hathaway 10 (Nick Bjugstad 19, Danny DeKeiser 11) at 0:37
11. Sasquatch , Petr Straka 9 (Danny DeKeiser 12, Brock Trotter 10) at 5:44
Penalties :
Brock Trotter (Gat) for High sticking (Minor) at 1:31, Matt Tennyson (MAN) for Slashing (Double Minor) at 7:12, Tyler Toffoli (MAN) for Holding Stick (Minor) at 16:41
Goalie Stats
Corey Crawford (Gat), 23 saves from 25 shots - (0.920), W, 16-9-2, 60:00 minutes
Malcolm Subban (MAN), 17 saves from 22 shots - (0.773), L, 3-5-1, 35:02 minutes
Niklas Backstrom (MAN), 7 saves from 11 shots - (0.636), 24:58 minutes
Players Stats for Sasquatch
Player Name G A P +/- PIM S H SB GA TA FO MP PP MP PK MP
------------------------------------------------------------------------------------
Brandon Gormley 0 0 0 1 0 0 0 2 0 0 0/0 17:23 4:31 0:00
Brock Trotter 0 2 2 2 2 5 3 0 1 0 0/0 10:48 0:21 1:40
Danny DeKeiser 0 2 2 2 0 3 0 3 0 1 0/0 27:48 5:43 2:20
Drew Shore 0 1 1 2 0 1 1 3 0 2 17/29 22:07 4:38 3:02
Filip Forsberg 1 0 1 2 0 2 3 0 0 0 0/2 18:27 5:03 0:00
Garnet Hathaway 2 0 2 1 4 2 1 0 0 0 0/0 14:15 0:35 1:08
Jason Akeson 1 1 2 2 0 3 1 0 0 0 1/2 18:27 5:03 0:00
Jason Zucker 1 0 1 0 0 2 4 0 0 0 0/0 17:06 4:55 1:00
Jonathan Blum 0 0 0 1 0 2 2 2 0 0 0/0 20:53 4:44 2:20
Lauri Tukonen 0 1 1 2 0 0 0 0 0 0 0/0 10:02 0:00 0:48
Martin Marincin 0 0 0 3 0 0 2 0 0 1 0/0 14:39 0:02 3:37
Melker Karlsson 0 1 1 2 0 0 1 0 2 0 3/4 9:52 1:10 0:00
Nick Bjugstad 1 2 3 0 0 2 1 0 1 0 8/12 16:28 4:51 0:26
Nick Leddy 0 1 1 0 0 2 1 1 2 0 0/0 26:39 5:58 3:37
Petr Straka 1 1 2 1 0 1 0 0 1 0 0/0 13:13 4:51 0:00
Sergey Kalinin 2 0 2 2 0 7 2 0 0 0 2/6 11:33 0:00 2:19
Slava Voynov 0 1 1 5 0 0 0 0 0 0 0/0 12:38 0:00 0:00
Teemu Hartikainen 0 1 1 2 0 1 1 0 0 0 0/0 11:42 0:00 1:31
Players Stats for Monarchs
Player Name G A P +/- PIM S H SB GA TA FO MP PP MP PK MP
------------------------------------------------------------------------------------
Bryan Rust 0 0 0 -2 0 0 1 1 0 0 0/0 14:02 0:07 5:57
Cam Atkinson 1 0 1 -3 0 2 1 0 0 0 1/1 18:39 3:17 2:05
Chris Tierney 0 0 0 -1 0 0 1 0 0 0 2/4 14:50 2:45 2:22
Connor Brown 0 0 0 0 0 1 1 0 1 1 0/1 15:46 3:12 0:00
Eric Wellwood 0 0 0 0 0 1 2 0 0 2 2/2 16:20 0:00 3:42
Jordie Benn 0 0 0 -4 0 0 2 1 1 0 0/0 21:29 0:00 6:18
Ludwig Bystrom 0 0 0 0 0 0 1 0 0 0 0/0 9:34 0:00 3:37
Matt Tennyson 0 1 1 0 4 3 1 1 1 1 0/0 19:37 0:00 3:50
Morgan Rielly 0 0 0 -2 0 0 0 2 0 0 0/0 16:29 3:17 2:16
Rickard Rakell 0 1 1 -3 0 3 1 0 0 0 5/16 17:06 2:38 1:04
Riley Cote 0 0 0 -1 0 4 0 0 0 0 4/8 15:09 0:00 5:30
Roman Josi 0 1 1 -4 0 0 1 0 0 0 0/0 19:25 2:40 1:20
T.J Brodie 0 0 0 -2 0 0 0 1 0 3 0/0 14:48 2:40 3:37
Teuvo Teravainen 0 0 0 -3 2 0 3 0 0 0 0/1 16:52 3:12 0:17
Tobias Rieder 0 0 0 -1 2 0 0 0 0 0 0/0 12:20 2:45 0:00
Tom Pyatt 0 0 0 -2 2 0 1 0 1 0 1/3 7:57 0:00 0:00
Ty Wishart 0 1 1 0 0 3 1 0 0 0 0/0 15:25 0:00 0:00
Tyler McNeely 0 0 0 -2 0 1 0 0 0 0 0/0 7:53 0:00 0:01
Tyler Toffoli 1 0 1 0 2 7 2 0 0 0 9/19 15:45 3:12 0:00
3 Stars
1 - Sergey Kalinin (Gat)
2 - Nick Bjugstad (Gat)
3 - Jason Akeson (Gat)
Power Play
Sasquatch - 1 on 6 Attempt(s) - 16.67%
Monarchs - 0 on 3 Attempt(s) - 0.00%
Penalty Kill
Sasquatch - 3 on 3 Attempt(s) - 100.00%
- Score 0 goal in Penalty Kill
Monarchs - 5 on 6 Attempt(s) - 83.33%
- Score 0 goal in Penalty Kill
Team Stat
Sasquatch - Hits : 23 - Faceoff Wins : 31 - Blocked Shots : 11 - Penalty Minutes : 6
Monarchs - Hits : 19 - Faceoff Wins : 24 - Blocked Shots : 6 - Penalty Minutes : 12
Official
Referees : Furlatt Eric and Dwyer Gord
Linesman : Dan Schachte and Lonnie Cameron
Game Notes
Niklas Backstrom enters game at 15:39 of 1st period
Malcolm Subban enters game at 0:37 of 3rd period
Finance
Level 1 -- Attendance: 1520 (76.00%) -- Ticket Income $60,800
Level 2 -- Attendance: 792 (79.20%) -- Ticket Income $15,840
Total Attendance: 2312 (77.07%)
Total Ticket Income: $76,640
Other Income: $3,832
Total Income: $80,472
Sasquatch
5 vs 5 Forward
Center Left Wing Right Wing Time % Phy DF OF
1 Drew Shore Filip Forsberg Jason Akeson 40 1 2 2
2 Nick Bjugstad Jason Zucker Garnet Hathaway 30 1 2 2
3 Melker Karlsson Brock Trotter Petr Straka 20 1 2 2
4 Sergey Kalinin Teemu Hartikainen Lauri Tukonen 10 1 2 2
5 vs 5 Defense
Defense Defense Time % Phy DF OF
1 Danny DeKeiser Nick Leddy 40 1 2 2
2 Brandon Gormley Jonathan Blum 30 1 2 2
3 Martin Marincin Slava Voynov 20 1 2 2
4 Slava Voynov Danny DeKeiser 10 1 2 2
PowerPlay Forward
Center Left Wing Right Wing Time % Phy DF OF
1 Drew Shore Filip Forsberg Jason Akeson 60 1 2 2
2 Nick Bjugstad Jason Zucker Petr Straka 40 1 2 2
PowerPlay Defense
Defense Defense Time % Phy DF OF
1 Danny DeKeiser Nick Leddy 60 1 2 2
2 Brandon Gormley Jonathan Blum 40 1 2 2
Penalty Kill 4 Players Forward
Center Wing Time % Phy DF OF
1 Drew Shore Garnet Hathaway 60 1 2 2
2 Sergey Kalinin Lauri Tukonen 40 1 2 2
Penalty Kill 4 Players Defense
Defense Defense Time % Phy DF OF
1 Martin Marincin Nick Leddy 60 1 2 2
2 Danny DeKeiser Jonathan Blum 40 1 2 2
Penalty Kill - 3 Players Forward
Forward Time % Phy DF OF
1 Sergey Kalinin 60 1 2 2
2 Brock Trotter 40 1 2 2
Penalty Kill - 3 Players Defense
Defense Defense Time % Phy DF OF
1 Martin Marincin Nick Leddy 60 1 2 2
2 Danny DeKeiser Brandon Gormley 40 1 2 2
4 vs 4 Forward
Center Wing Time % Phy DF OF
1 Nick Bjugstad Filip Forsberg 60 1 2 2
2 Drew Shore Jason Zucker 40 1 2 2
4 vs 4 Defense
Defense Defense Time % Phy DF OF
1 Brandon Gormley Nick Leddy 60 1 2 2
2 Danny DeKeiser Jonathan Blum 40 1 2 2
Last Minutes Offensive
Center Left Wing Right Wing Defense Defense
Drew Shore Filip Forsberg Jason Akeson Jonathan Blum Nick Leddy
Last Minutes Defensive
Center Left Wing Right Wing Defense Defense
Drew Shore Filip Forsberg Garnet Hathaway Martin Marincin Danny DeKeiser
Goaltenders
Starting : Corey Crawford
Backup : Joonas Korpisalo
Extra Forwards
Normal : Jason Zucker, Melker Karlsson, Teemu Hartikainen - PP : Jason Zucker, Melker Karlsson - PK : Teemu Hartikainen
Extra Defensemen
Normal : Brandon Gormley, Slava Voynov, Danny DeKeiser - PP : Brandon Gormley - PK : Slava Voynov, Danny DeKeiser
Penalty Shots
Jason Akeson, Jason Zucker, Nick Leddy, Filip Forsberg, Lauri Tukonen
Scratches
Andy Andreoff (Healthy), T.J. Tynan (Healthy), Dmitri Orlov (Healthy), Ty Rattie (Healthy), Joey Laleggia (Healthy)
Jack Campbell (Healthy)
Monarchs
5 vs 5 Forward
Center Left Wing Right Wing Time % Phy DF OF
1 Tyler Toffoli Eric Wellwood Connor Brown 35 1 1 3
2 Rickard Rakell Teuvo Teravainen Cam Atkinson 35 1 1 3
3 Chris Tierney Riley Cote Tobias Rieder 25 1 2 2
4 Tom Pyatt Tyler McNeely Bryan Rust 5 1 2 2
5 vs 5 Defense
Defense Defense Time % Phy DF OF
1 Ty Wishart Matt Tennyson 35 1 3 1
2 Roman Josi Jordie Benn 35 1 3 1
3 Morgan Rielly T.J Brodie 20 0 3 2
4 Ludwig Bystrom Morgan Rielly 10 1 2 2
PowerPlay Forward
Center Left Wing Right Wing Time % Phy DF OF
1 Tyler Toffoli Teuvo Teravainen Connor Brown 60 0 1 4
2 Chris Tierney Rickard Rakell Tobias Rieder 40 0 1 4
PowerPlay Defense
Defense Defense Time % Phy DF OF
1 Morgan Rielly Cam Atkinson 60 0 2 3
2 Roman Josi T.J Brodie 40 0 2 3
Penalty Kill 4 Players Forward
Center Wing Time % Phy DF OF
1 Riley Cote Bryan Rust 60 0 4 1
2 Eric Wellwood Chris Tierney 40 0 4 1
Penalty Kill 4 Players Defense
Defense Defense Time % Phy DF OF
1 Jordie Benn Matt Tennyson 60 1 4 0
2 T.J Brodie Ludwig Bystrom 40 1 4 0
Penalty Kill - 3 Players Forward
Forward Time % Phy DF OF
1 Riley Cote 60 1 2 2
2 Bryan Rust 40 1 2 2
Penalty Kill - 3 Players Defense
Defense Defense Time % Phy DF OF
1 Matt Tennyson Jordie Benn 60 1 2 2
2 T.J Brodie Ludwig Bystrom 40 1 2 2
4 vs 4 Forward
Center Wing Time % Phy DF OF
1 Tyler Toffoli Eric Wellwood 60 1 2 2
2 Connor Brown Cam Atkinson 40 1 2 2
4 vs 4 Defense
Defense Defense Time % Phy DF OF
1 Ty Wishart Matt Tennyson 60 1 2 2
2 T.J Brodie Roman Josi 40 1 2 2
Last Minutes Offensive
Center Left Wing Right Wing Defense Defense
Tyler Toffoli Teuvo Teravainen Connor Brown Matt Tennyson Morgan Rielly
Last Minutes Defensive
Center Left Wing Right Wing Defense Defense
Chris Tierney Riley Cote Cam Atkinson Jordie Benn Matt Tennyson
Goaltenders
Starting : Malcolm Subban
Backup : Niklas Backstrom
Extra Forwards
Normal : Riley Cote, Teuvo Teravainen, Connor Brown - PP : Bryan Rust, Riley Cote - PK : Cam Atkinson
Extra Defensemen
Normal : Ty Wishart, Morgan Rielly, Matt Tennyson - PP : Matt Tennyson - PK : Morgan Rielly, Roman Josi
Penalty Shots
Teuvo Teravainen, Riley Cote, Cam Atkinson, Tyler Toffoli, Tyler McNeely
Scratches
Christophe Lalancette (Healthy), Hampus Lindholm (Bruised Left Shoulder Injury), Dalton Smith (Healthy), Derek Forbort (Healthy), Jamie McGinn (Healthy)
Igor Makarov (Healthy), Ryan White (Healthy), Trevor Lewis (Healthy), Anthony Peluso (Healthy), Jake Muzzin (Healthy)
Alec Martinez (Sprained Left Finger Injury), Greg Pateryn (Healthy), Jeff Frazee (Healthy)
% Time on Ice - Sasquatch
Lines # - Real PCT - Wanted PCT - Time Play
Normal Forward
1 - 34% - 40% - 14:42
2 - 26% - 30% - 11:08
3 - 20% - 20% - 8:30
4 - 21% - 10% - 9:14
Normal Defense
1 - 39% - 40% - 17:07
2 - 32% - 30% - 13:49
3 - 23% - 20% - 10:05
4 - 6% - 10% - 2:33
PP Forward
1 - 53% - 60% - 5:31
2 - 47% - 40% - 4:58
PP Defense
1 - 58% - 60% - 6:06
2 - 42% - 40% - 4:23
PK Forward
1 - 87% - 60% - 5:09
2 - 13% - 40% - 0:48
PK Defense
1 - 61% - 60% - 3:37
2 - 39% - 40% - 2:20
PK3 Forward
1 - 0% - 60%
2 - 0% - 40%
PK3 Defense
1 - 0% - 60%
2 - 0% - 40%
44 Forward
1 - 0% - 60%
2 - 0% - 40%
44 Defense
1 - 0% - 60%
2 - 0% - 40%
Last Minute Offensive - 0:00
Last Minute Defensive - 0:00
Total
Forward - 60:00
Defense - 60:00
|
% Time on Ice - Monarchs
Lines # - Real PCT - Wanted PCT - Time Play
Normal Forward
1 - 30% - 35% - 12:57
2 - 30% - 35% - 13:12
3 - 22% - 25% - 9:39
4 - 18% - 5% - 7:46
Normal Defense
1 - 36% - 35% - 15:43
2 - 39% - 35% - 17:01
3 - 15% - 20% - 6:29
4 - 10% - 10% - 4:21
PP Forward
1 - 54% - 60% - 3:12
2 - 46% - 40% - 2:45
PP Defense
1 - 55% - 60% - 3:17
2 - 45% - 40% - 2:40
PK Forward
1 - 77% - 60% - 8:07
2 - 23% - 40% - 2:22
PK Defense
1 - 66% - 60% - 6:52
2 - 34% - 40% - 3:37
PK3 Forward
1 - 0% - 60%
2 - 0% - 40%
PK3 Defense
1 - 0% - 60%
2 - 0% - 40%
44 Forward
1 - 0% - 60%
2 - 0% - 40%
44 Defense
1 - 0% - 60%
2 - 0% - 40%
Last Minute Offensive - 0:00
Last Minute Defensive - 0:00
Total
Forward - 60:00
Defense - 60:00
|
Play by Play
1st period
0:01 of 1st period - Drew Shore wins face-off versus Tyler Toffoli in neutral zone.
0:06 of 1st period - Slapshot by Nick Leddy.
0:06 of 1st period - Stopped by Malcolm Subban with a rebound.
0:14 of 1st period - Slapshot by Eric Wellwood.
0:14 of 1st period - Shot Misses the Net.
0:16 of 1st period - Slapshot by Ty Wishart.
0:16 of 1st period - Shot Blocked by Nick Leddy.
0:26 of 1st period - Snap shot by Riley Cote.
0:26 of 1st period - Stopped by Corey Crawford without a rebound.
0:27 of 1st period - Chris Tierney wins face-off versus Nick Bjugstad in Sasquatch zone.
0:34 of 1st period - Slapshot by Riley Cote.
0:34 of 1st period - Shot Blocked by Brandon Gormley.
0:36 of 1st period - Snap shot by Chris Tierney.
0:36 of 1st period - Shot Blocked by Jonathan Blum.
1:15 of 1st period - Eric Wellwood is hit by Jason Akeson and loses puck.
1:50 of 1st period - Teemu Hartikainen is hit by Matt Tennyson and loses puck.
2:10 of 1st period - Snap shot by Sergey Kalinin.
2:10 of 1st period - Stopped by Malcolm Subban without a rebound.
2:11 of 1st period - Nick Bjugstad wins face-off versus Rickard Rakell in Monarchs zone.
2:12 of 1st period - Slapshot by Jason Zucker.
2:12 of 1st period - Goal by Jason Zucker - Sasquatch : 1 - Monarchs : 0.
2:13 of 1st period - Nick Bjugstad wins face-off versus Rickard Rakell in neutral zone.
2:18 of 1st period - Jordie Benn is hit by Jason Zucker and loses puck.
2:46 of 1st period - Filip Forsberg is hit by Ludwig Bystrom and loses puck.
3:07 of 1st period - Slapshot by Melker Karlsson.
3:07 of 1st period - Deflect By Riley Cote.
3:07 of 1st period - Shot Misses the Net.
3:07 of 1st period - Puck is out of play.
3:08 of 1st period - Drew Shore wins face-off versus Rickard Rakell in Monarchs zone.
3:11 of 1st period - Snap shot by Filip Forsberg.
3:11 of 1st period - Shot Blocked by Jordie Benn.
3:33 of 1st period - Martin Marincin is hit by Jordie Benn and loses puck.
3:42 of 1st period - Wrist shot by Eric Wellwood.
3:42 of 1st period - Shot Misses the Net.
4:12 of 1st period - Wrist shot by Sergey Kalinin.
4:12 of 1st period - Stopped by Malcolm Subban without a rebound.
4:13 of 1st period - Sergey Kalinin wins face-off versus Tom Pyatt in Monarchs zone.
4:26 of 1st period - Wrist shot by Sergey Kalinin.
4:26 of 1st period - Shot Blocked by Bryan Rust.
4:28 of 1st period - Slapshot by Danny DeKeiser.
4:28 of 1st period - Stopped by Malcolm Subban with a rebound.
4:49 of 1st period - Snap shot by Teemu Hartikainen.
4:49 of 1st period - Deflect By Sergey Kalinin.
4:49 of 1st period - Deflect By Matt Tennyson.
4:49 of 1st period - Stopped by Malcolm Subban with a rebound.
4:51 of 1st period - Slapshot by Brandon Gormley.
4:51 of 1st period - Shot Hit the Post.
4:53 of 1st period - Snap shot by Sergey Kalinin.
4:53 of 1st period - Stopped by Malcolm Subban with a rebound.
5:36 of 1st period - Snap shot by Sergey Kalinin.
5:36 of 1st period - Stopped by Malcolm Subban with a rebound.
5:47 of 1st period - Lauri Tukonen is hit by Tom Pyatt and loses puck.
6:06 of 1st period - Wrist shot by Teemu Hartikainen.
6:06 of 1st period - Stopped by Malcolm Subban without a rebound.
6:07 of 1st period - Drew Shore wins face-off versus Rickard Rakell in Monarchs zone.
6:33 of 1st period - Martin Marincin is hit by Eric Wellwood and loses puck.
6:40 of 1st period - Slapshot by Tyler Toffoli.
6:40 of 1st period - Stopped by Corey Crawford with a rebound.
6:58 of 1st period - Snap shot by Riley Cote.
6:58 of 1st period - Stopped by Corey Crawford without a rebound.
6:59 of 1st period - Drew Shore wins face-off versus Chris Tierney in Sasquatch zone.
7:06 of 1st period - Tobias Rieder is hit by Drew Shore and loses puck.
8:40 of 1st period - Slapshot by Cam Atkinson.
8:40 of 1st period - Shot Misses the Net.
10:24 of 1st period - Minor Penalty to Tobias Rieder for Tripping.
10:25 of 1st period - Riley Cote wins face-off versus Drew Shore in Monarchs zone.
10:50 of 1st period - Riley Cote is hit by Nick Bjugstad and loses puck.
10:57 of 1st period - Slapshot by Nick Bjugstad.
10:57 of 1st period - Goal by Nick Bjugstad - Sasquatch : 2 - Monarchs : 0.
10:58 of 1st period - Eric Wellwood wins face-off versus Drew Shore in neutral zone.
11:13 of 1st period - Slapshot by Tyler Toffoli.
11:13 of 1st period - Stopped by Corey Crawford without a rebound.
11:14 of 1st period - Rickard Rakell wins face-off versus Nick Bjugstad in Sasquatch zone.
11:21 of 1st period - Snap shot by Rickard Rakell.
11:21 of 1st period - Stopped by Corey Crawford without a rebound.
11:22 of 1st period - Nick Bjugstad wins face-off versus Rickard Rakell in Sasquatch zone.
12:03 of 1st period - Wrist shot by Rickard Rakell.
12:03 of 1st period - Shot Blocked by Danny DeKeiser.
12:15 of 1st period - Snap shot by Teuvo Teravainen.
12:15 of 1st period - Shot Blocked by Danny DeKeiser.
12:17 of 1st period - Slapshot by Roman Josi.
12:17 of 1st period - Shot Misses the Net.
12:33 of 1st period - Wrist shot by Rickard Rakell.
12:33 of 1st period - Stopped by Corey Crawford with a rebound.
12:37 of 1st period - Wrist shot by Cam Atkinson.
12:37 of 1st period - Stopped by Corey Crawford with a rebound.
12:39 of 1st period - Slapshot by Cam Atkinson.
12:39 of 1st period - Goal by Cam Atkinson - Sasquatch : 2 - Monarchs : 1.
12:40 of 1st period - Drew Shore wins face-off versus Tyler Toffoli in neutral zone.
13:12 of 1st period - Snap shot by Melker Karlsson.
13:12 of 1st period - Shot Misses the Net.
13:14 of 1st period - Snap shot by Melker Karlsson.
13:14 of 1st period - Shot Misses the Net.
13:16 of 1st period - Wrist shot by Brock Trotter.
13:16 of 1st period - Stopped by Malcolm Subban with a rebound.
13:26 of 1st period - Wrist shot by Riley Cote.
13:26 of 1st period - Stopped by Corey Crawford without a rebound.
13:27 of 1st period - Tom Pyatt wins face-off versus Sergey Kalinin in Sasquatch zone.
13:58 of 1st period - Wrist shot by Jason Akeson.
13:58 of 1st period - Shot Misses the Net.
14:00 of 1st period - Snap shot by Filip Forsberg.
14:00 of 1st period - Goal by Filip Forsberg - Sasquatch : 3 - Monarchs : 1.
14:01 of 1st period - Tyler Toffoli wins face-off versus Filip Forsberg in neutral zone.
15:31 of 1st period - Rickard Rakell is hit by Filip Forsberg and loses puck.
15:37 of 1st period - Icing by Jordie Benn.
15:38 of 1st period - Drew Shore wins face-off versus Rickard Rakell in Monarchs zone.
15:39 of 1st period - Slapshot by Jason Akeson.
15:39 of 1st period - Goal by Jason Akeson - Sasquatch : 4 - Monarchs : 1.
15:39 of 1st period - Niklas Backstrom enters game.
15:40 of 1st period - Jason Akeson wins face-off versus Tyler Toffoli in neutral zone.
15:47 of 1st period - Slapshot by Tyler Toffoli.
15:47 of 1st period - Deflect By Eric Wellwood.
15:47 of 1st period - Deflect By Jason Akeson.
15:47 of 1st period - Shot Misses the Net.
15:47 of 1st period - Puck is out of play.
15:48 of 1st period - Tyler Toffoli wins face-off versus Drew Shore in Sasquatch zone.
15:53 of 1st period - Snap shot by Tyler Toffoli.
15:53 of 1st period - Shot Blocked by Drew Shore.
15:59 of 1st period - Wrist shot by Eric Wellwood.
15:59 of 1st period - Shot Misses the Net.
16:01 of 1st period - Snap shot by Eric Wellwood.
16:01 of 1st period - Stopped by Corey Crawford with a rebound.
16:03 of 1st period - Snap shot by Matt Tennyson.
16:03 of 1st period - Stopped by Corey Crawford without a rebound.
16:04 of 1st period - Nick Bjugstad wins face-off versus Rickard Rakell in Sasquatch zone.
16:04 of 1st period - Nick Bjugstad is hit by Teuvo Teravainen.
16:25 of 1st period - Slava Voynov is hit by Ty Wishart and loses puck.
16:32 of 1st period - Minor Penalty to Garnet Hathaway for Roughing.
16:33 of 1st period - Drew Shore wins face-off versus Tyler Toffoli in Sasquatch zone.
18:32 of 1st period - Penalty to Garnet Hathaway is over, Garnet Hathaway is back on ice.
Goals for this period are 4 for Sasquatch vs 1 for Monarchs .
Shots for this period are 13 for Sasquatch vs 11 for Monarchs .
2nd period
0:01 of 2nd period - Tyler Toffoli wins face-off versus Drew Shore in neutral zone.
0:04 of 2nd period - Snap shot by Connor Brown.
0:04 of 2nd period - Stopped by Corey Crawford with a rebound.
0:06 of 2nd period - Snap shot by Eric Wellwood.
0:06 of 2nd period - Shot Misses the Net.
0:08 of 2nd period - Slapshot by Matt Tennyson.
0:08 of 2nd period - Shot Misses the Net.
0:10 of 2nd period - Wrist shot by Connor Brown.
0:10 of 2nd period - Shot Misses the Net.
0:12 of 2nd period - Snap shot by Tyler Toffoli.
0:12 of 2nd period - Stopped by Corey Crawford with a rebound.
0:14 of 2nd period - Snap shot by Tyler Toffoli.
0:14 of 2nd period - Stopped by Corey Crawford with a rebound.
0:16 of 2nd period - Snap shot by Ty Wishart.
0:16 of 2nd period - Stopped by Corey Crawford with a rebound.
1:05 of 2nd period - Jordie Benn is hit by Teemu Hartikainen and loses puck.
1:14 of 2nd period - Teemu Hartikainen is hit by Bryan Rust and loses puck.
1:21 of 2nd period - Bryan Rust is hit by Martin Marincin and loses puck.
1:59 of 2nd period - Slapshot by Sergey Kalinin.
1:59 of 2nd period - Goal by Sergey Kalinin - Sasquatch : 5 - Monarchs : 1.
2:00 of 2nd period - Tyler Toffoli wins face-off versus Drew Shore in neutral zone.
2:10 of 2nd period - Wrist shot by Eric Wellwood.
2:10 of 2nd period - Shot Blocked by Drew Shore.
2:12 of 2nd period - Slapshot by Ty Wishart.
2:12 of 2nd period - Stopped by Corey Crawford without a rebound.
2:13 of 2nd period - Tyler Toffoli wins face-off versus Drew Shore in Sasquatch zone.
2:39 of 2nd period - Ty Wishart is hit by Garnet Hathaway and loses puck.
3:06 of 2nd period - Snap shot by Riley Cote.
3:06 of 2nd period - Shot Blocked by Danny DeKeiser.
3:08 of 2nd period - Wrist shot by Chris Tierney.
3:08 of 2nd period - Shot Misses the Net.
3:26 of 2nd period - Slapshot by Nick Leddy.
3:26 of 2nd period - Shot Misses the Net.
3:28 of 2nd period - Wrist shot by Sergey Kalinin.
3:28 of 2nd period - Goal by Sergey Kalinin - Sasquatch : 6 - Monarchs : 1.
3:29 of 2nd period - Tyler Toffoli wins face-off versus Drew Shore in neutral zone.
3:31 of 2nd period - Off-side.
3:32 of 2nd period - Tyler Toffoli wins face-off versus Drew Shore in neutral zone.
4:07 of 2nd period - Slapshot by Matt Tennyson.
4:07 of 2nd period - Stopped by Corey Crawford with a rebound.
4:20 of 2nd period - Minor Penalty to Teuvo Teravainen for Tripping.
4:21 of 2nd period - Riley Cote wins face-off versus Drew Shore in Monarchs zone.
5:25 of 2nd period - Jonathan Blum is hit by Eric Wellwood and loses puck.
6:20 of 2nd period - Penalty to Teuvo Teravainen is over, Teuvo Teravainen is back on ice.
6:44 of 2nd period - Slava Voynov is hit by Teuvo Teravainen and loses puck.
7:35 of 2nd period - Wrist shot by Melker Karlsson.
7:35 of 2nd period - Shot Misses the Net.
7:37 of 2nd period - Wrist shot by Garnet Hathaway.
7:37 of 2nd period - Goal by Garnet Hathaway - Sasquatch : 7 - Monarchs : 1.
7:38 of 2nd period - Drew Shore wins face-off versus Tyler Toffoli in neutral zone.
8:52 of 2nd period - Wrist shot by Riley Cote.
8:52 of 2nd period - Stopped by Corey Crawford without a rebound.
8:53 of 2nd period - Drew Shore wins face-off versus Tyler Toffoli in Sasquatch zone.
9:16 of 2nd period - Jason Zucker is hit by Tyler Toffoli and loses puck.
9:26 of 2nd period - Slapshot by Connor Brown.
9:26 of 2nd period - Shot Misses the Net.
9:28 of 2nd period - Wrist shot by Tyler Toffoli.
9:28 of 2nd period - Stopped by Corey Crawford with a rebound.
9:30 of 2nd period - Slapshot by Ty Wishart.
9:30 of 2nd period - Stopped by Corey Crawford with a rebound.
9:32 of 2nd period - Slapshot by Matt Tennyson.
9:32 of 2nd period - Shot Misses the Net.
9:34 of 2nd period - Slapshot by Tyler Toffoli.
9:34 of 2nd period - Stopped by Corey Crawford with a rebound.
9:36 of 2nd period - Slapshot by Matt Tennyson.
9:36 of 2nd period - Deflect By Tyler Toffoli.
9:36 of 2nd period - Goal by Tyler Toffoli - Sasquatch : 7 - Monarchs : 2.
9:37 of 2nd period - Rickard Rakell wins face-off versus Drew Shore in neutral zone.
9:50 of 2nd period - Wrist shot by Cam Atkinson.
9:50 of 2nd period - Shot Blocked by Brandon Gormley.
10:02 of 2nd period - Garnet Hathaway is hit by Roman Josi and loses puck.
10:25 of 2nd period - Jordie Benn is hit by Nick Leddy and loses puck.
11:06 of 2nd period - Icing by Danny DeKeiser.
11:07 of 2nd period - Rickard Rakell wins face-off versus Jason Akeson in Sasquatch zone.
11:15 of 2nd period - Danny DeKeiser is hit by Teuvo Teravainen and loses puck.
12:06 of 2nd period - Wrist shot by Jason Akeson.
12:06 of 2nd period - Shot Misses the Net.
12:08 of 2nd period - Wrist shot by Danny DeKeiser.
12:08 of 2nd period - Deflect By Jason Akeson.
12:08 of 2nd period - Stopped by Niklas Backstrom without a rebound.
12:09 of 2nd period - Tyler Toffoli wins face-off versus Nick Bjugstad in Monarchs zone.
12:57 of 2nd period - Snap shot by Lauri Tukonen.
12:57 of 2nd period - Deflect By Sergey Kalinin.
12:57 of 2nd period - Shot Misses the Net.
12:57 of 2nd period - Puck is out of play.
12:58 of 2nd period - Eric Wellwood wins face-off versus Sergey Kalinin in Monarchs zone.
12:58 of 2nd period - Eric Wellwood is hit by Sergey Kalinin.
13:23 of 2nd period - Nick Bjugstad is hit by Jordie Benn.
13:31 of 2nd period - Slapshot by Tyler McNeely.
13:31 of 2nd period - Stopped by Corey Crawford with a rebound.
13:33 of 2nd period - Slapshot by Matt Tennyson.
13:33 of 2nd period - Shot Misses the Net.
13:35 of 2nd period - Wrist shot by Matt Tennyson.
13:35 of 2nd period - Stopped by Corey Crawford without a rebound.
13:36 of 2nd period - Drew Shore wins face-off versus Rickard Rakell in Sasquatch zone.
13:49 of 2nd period - Slapshot by Filip Forsberg.
13:49 of 2nd period - Shot Misses the Net.
14:11 of 2nd period - Minor Penalty to Garnet Hathaway for Roughing.
14:12 of 2nd period - Drew Shore wins face-off versus Tyler Toffoli in Sasquatch zone.
15:35 of 2nd period - Chris Tierney is hit by Jason Zucker.
15:59 of 2nd period - Roman Josi is hit by Jason Zucker.
16:11 of 2nd period - Penalty to Garnet Hathaway is over, Garnet Hathaway is back on ice.
16:55 of 2nd period - Snap shot by Jonathan Blum.
16:55 of 2nd period - Shot Misses the Net.
16:57 of 2nd period - Wrist shot by Drew Shore.
16:57 of 2nd period - Stopped by Niklas Backstrom with a rebound.
16:59 of 2nd period - Slapshot by Jonathan Blum.
16:59 of 2nd period - Stopped by Niklas Backstrom with a rebound.
17:01 of 2nd period - Slapshot by Teemu Hartikainen.
17:01 of 2nd period - Shot Misses the Net.
17:03 of 2nd period - Wrist shot by Teemu Hartikainen.
17:03 of 2nd period - Shot Hit the Post.
17:07 of 2nd period - Slapshot by Jonathan Blum.
17:07 of 2nd period - Deflect By Matt Tennyson.
17:07 of 2nd period - Stopped by Niklas Backstrom without a rebound.
17:08 of 2nd period - Melker Karlsson wins face-off versus Tom Pyatt in Monarchs zone.
17:16 of 2nd period - Minor Penalty to Tom Pyatt for Holding.
17:17 of 2nd period - Riley Cote wins face-off versus Nick Bjugstad in Monarchs zone.
17:22 of 2nd period - Wrist shot by Danny DeKeiser.
17:22 of 2nd period - Stopped by Niklas Backstrom without a rebound.
17:23 of 2nd period - Nick Bjugstad wins face-off versus Riley Cote in Monarchs zone.
19:16 of 2nd period - Penalty to Tom Pyatt is over, Tom Pyatt is back on ice.
19:27 of 2nd period - Wrist shot by Brock Trotter.
19:27 of 2nd period - Stopped by Niklas Backstrom without a rebound.
19:28 of 2nd period - Sergey Kalinin wins face-off versus Teuvo Teravainen in Monarchs zone.
19:29 of 2nd period - Wrist shot by Lauri Tukonen.
19:29 of 2nd period - Shot Blocked by Morgan Rielly.
19:32 of 2nd period - Icing by Teuvo Teravainen.
19:33 of 2nd period - Rickard Rakell wins face-off versus Sergey Kalinin in Monarchs zone.
19:33 of 2nd period - Rickard Rakell is hit by Martin Marincin.
Goals for this period are 3 for Sasquatch vs 1 for Monarchs .
Shots for this period are 9 for Sasquatch vs 13 for Monarchs .
3rd period
0:01 of 3rd period - Drew Shore wins face-off versus Tyler Toffoli in neutral zone.
0:04 of 3rd period - Roman Josi is hit by Filip Forsberg and loses puck.
0:33 of 3rd period - Snap shot by Jason Zucker.
0:33 of 3rd period - Stopped by Niklas Backstrom with a rebound.
0:35 of 3rd period - Slapshot by Danny DeKeiser.
0:35 of 3rd period - Shot Blocked by Matt Tennyson.
0:37 of 3rd period - Wrist shot by Nick Bjugstad.
0:37 of 3rd period - Deflect By Garnet Hathaway.
0:37 of 3rd period - Goal by Garnet Hathaway - Sasquatch : 8 - Monarchs : 2.
0:37 of 3rd period - Malcolm Subban enters game.
0:38 of 3rd period - Tyler Toffoli wins face-off versus Drew Shore in neutral zone.
0:41 of 3rd period - Nick Leddy is hit by Connor Brown and loses puck.
1:04 of 3rd period - Nick Leddy is hit by Rickard Rakell and loses puck.
1:29 of 3rd period - Wrist shot by Riley Cote.
1:29 of 3rd period - Shot Blocked by Jonathan Blum.
1:31 of 3rd period - Minor Penalty to Brock Trotter for High sticking.
1:32 of 3rd period - Drew Shore wins face-off versus Tyler Toffoli in Sasquatch zone.
2:35 of 3rd period - Snap shot by Lauri Tukonen.
2:35 of 3rd period - Deflect By Sergey Kalinin.
2:35 of 3rd period - Shot Misses the Net.
2:35 of 3rd period - Puck is out of play.
2:36 of 3rd period - Chris Tierney wins face-off versus Sergey Kalinin in Monarchs zone.
2:59 of 3rd period - Drew Shore is hit by Cam Atkinson and loses puck.
3:31 of 3rd period - Penalty to Brock Trotter is over, Brock Trotter is back on ice.
4:04 of 3rd period - Tyler Toffoli is hit by Sergey Kalinin and loses puck.
4:59 of 3rd period - Off-side.
5:00 of 3rd period - Melker Karlsson wins face-off versus Tyler Toffoli in neutral zone.
5:11 of 3rd period - Snap shot by Brock Trotter.
5:11 of 3rd period - Stopped by Malcolm Subban without a rebound.
5:12 of 3rd period - Drew Shore wins face-off versus Chris Tierney in Monarchs zone.
5:37 of 3rd period - Chris Tierney is hit by Brock Trotter and loses puck.
5:42 of 3rd period - Snap shot by Brock Trotter.
5:42 of 3rd period - Stopped by Malcolm Subban with a rebound.
5:44 of 3rd period - Slapshot by Danny DeKeiser.
5:44 of 3rd period - Deflect By Petr Straka.
5:44 of 3rd period - Goal by Petr Straka - Sasquatch : 9 - Monarchs : 2.
5:45 of 3rd period - Drew Shore wins face-off versus Connor Brown in neutral zone.
7:12 of 3rd period - Double Minor Penalty to Matt Tennyson for Slashing.
7:13 of 3rd period - Nick Bjugstad wins face-off versus Riley Cote in Monarchs zone.
7:13 of 3rd period - Snap shot by Nick Leddy.
7:13 of 3rd period - Stopped by Malcolm Subban with a rebound.
7:15 of 3rd period - Snap shot by Petr Straka.
7:15 of 3rd period - Shot Blocked by Morgan Rielly.
7:17 of 3rd period - Slapshot by Jason Zucker.
7:17 of 3rd period - Shot Misses the Net.
7:19 of 3rd period - Wrist shot by Nick Bjugstad.
7:19 of 3rd period - Stopped by Malcolm Subban with a rebound.
9:16 of 3rd period - T.J Brodie is hit by Brock Trotter.
9:41 of 3rd period - Slapshot by Rickard Rakell.
9:41 of 3rd period - Stopped by Corey Crawford without a rebound.
9:42 of 3rd period - Nick Bjugstad wins face-off versus Rickard Rakell in Sasquatch zone.
10:29 of 3rd period - Jonathan Blum is hit by Chris Tierney and loses puck.
11:12 of 3rd period - Penalty to Matt Tennyson is over, Matt Tennyson is back on ice.
11:12 of 3rd period - Icing by Chris Tierney.
11:13 of 3rd period - Drew Shore wins face-off versus Rickard Rakell in Monarchs zone.
11:54 of 3rd period - Snap shot by Jason Akeson.
11:54 of 3rd period - Shot Blocked by T.J Brodie.
12:34 of 3rd period - Icing by Teuvo Teravainen.
12:35 of 3rd period - Rickard Rakell wins face-off versus Filip Forsberg in Monarchs zone.
13:02 of 3rd period - Tyler Toffoli is hit by Jason Zucker and loses puck.
14:27 of 3rd period - Nick Bjugstad is hit by Tyler Toffoli and loses puck.
14:44 of 3rd period - Teuvo Teravainen is hit by Melker Karlsson and loses puck.
15:10 of 3rd period - Tyler McNeely is hit by Jonathan Blum and loses puck.
15:50 of 3rd period - Tobias Rieder is hit by Jonathan Blum and loses puck.
16:00 of 3rd period - Off-side.
16:01 of 3rd period - Melker Karlsson wins face-off versus Rickard Rakell in neutral zone.
16:06 of 3rd period - Snap shot by Brock Trotter.
16:06 of 3rd period - Stopped by Malcolm Subban without a rebound.
16:07 of 3rd period - Cam Atkinson wins face-off versus Melker Karlsson in Monarchs zone.
16:07 of 3rd period - Cam Atkinson is hit by Brock Trotter.
16:33 of 3rd period - Matt Tennyson is hit by Filip Forsberg and loses puck.
16:41 of 3rd period - Minor Penalty to Tyler Toffoli for Holding Stick.
16:42 of 3rd period - Drew Shore wins face-off versus Riley Cote in Monarchs zone.
16:48 of 3rd period - Snap shot by Filip Forsberg.
16:48 of 3rd period - Shot Misses the Net.
16:50 of 3rd period - Slapshot by Danny DeKeiser.
16:50 of 3rd period - Stopped by Malcolm Subban without a rebound.
16:51 of 3rd period - Riley Cote wins face-off versus Drew Shore in Monarchs zone.
17:08 of 3rd period - Wrist shot by Filip Forsberg.
17:08 of 3rd period - Stopped by Malcolm Subban without a rebound.
17:09 of 3rd period - Nick Bjugstad wins face-off versus Riley Cote in Monarchs zone.
17:10 of 3rd period - Slapshot by Nick Leddy.
17:10 of 3rd period - Shot Misses the Net.
17:43 of 3rd period - Wrist shot by Jason Akeson.
17:43 of 3rd period - Stopped by Malcolm Subban with a rebound.
18:41 of 3rd period - Penalty to Tyler Toffoli is over, Tyler Toffoli is back on ice.
19:54 of 3rd period - Snap shot by Cam Atkinson.
19:54 of 3rd period - Shot Blocked by Drew Shore.
Goals for this period are 2 for Sasquatch vs 0 for Monarchs .
Shots for this period are 11 for Sasquatch vs 1 for Monarchs .
Back to the Top